AoeStats
← KimiJay

Migration

509905583Analyzed
1v1 RM · 5d ago on Sep 28, 2026· 79m 23s· 2 players
Game mode
Random Map
Map size
132×132
Population
200
Speed
Normal
Resources
Standard
Victory
Conquest
Starting age
Dark Age
Ending age
Imperial Age
RankedLock teamsTeams togetherTeam positionsShared explorationLock speedFull tech treeHidden civsTurbo modeCheats
Victory
Defeat
🇩🇪 Japanese · Germany
1008
+15
🇨🇿 Vikings · Czechia
997
-15
KimiJay
5:06 Loom
12:43 Feudal Age
11:56 Loom
13:42 Town Watch
14:39 Double-Bit Axe
20:06 Castle Age
19:49 Scale Mail Armor
20:05 Gold Mining
21:56 Gold Shaft Mining
24:03 Fletching
26:38 Chain Mail Armor
28:35 Squires
29:04 Arson
30:09 Town Patrol
30:45 Arson
31:20 Bodkin Arrow
31:38 Forging
35:30 Imperial Age
33:26 Bow Saw
32:57 Horse Collar
35:04 Fishing Lines
38:13 Two-Man Saw
37:57 Conscription
37:59 Bracer
39:27 Iron Casting
39:23 Plate Mail Armor
40:13 Gillnets
40:49 Heavy Plow
40:58 Elite Longship
41:44 Padded Archer Armor
43:48 Crop Rotation
47:12 Blast Furnace
47:14 Ballistics
47:54 Chemistry
48:38 Leather Archer Armor
50:46 Siphons
51:04 Masonry
64:51 Ring Archer Armor
Beercules
10:07 Loom
12:28 Feudal Age
22:57 Castle Age
23:39 Pikeman
23:43 Elite Skirmisher
26:12 Town Watch
28:32 Forging
28:22 Scale Mail Armor
28:56 Squires
34:17 Imperial Age
33:07 Wheelbarrow
34:15 Iron Casting
33:56 Chain Mail Armor
34:58 Hand Cart
38:07 Blast Furnace
37:38 Plate Mail Armor
38:40 Conscription
41:51 Chemistry
40:46 Fletching
43:11 Elite Samurai
50:36 Medium Warships
53:09 Heavy Warships
56:09 Ballistics
55:47 Murder Holes
61:48 Clinker Construction
61:51 Careening
69:12 Dry Dock
69:14 Carvel Hull
70:14 Siege Engineers
70:32 Shipwright
70:27 Fortified Wall
70:04 Arrowslits
71:37 Treadmill Crane
72:08 Masonry
75:20 Elite Cannon Galleon
75:21 Demolition Ship
Connection lost

Rejoining the realm…

Still unreachable

The connection could not be restored.

Session expired

The server has moved on; the page needs a fresh start.